 Dungeon Crawl Stone Soup version 0.21-a0-125-gb006224 (webtiles) character file.

15 4thArraOfDagon the Digger (level 2, -2/20 HPs)
             Began as a Demigod Earth Elementalist on July 14, 2017.
             Slain by a sky beast (6 damage)
             ... on level 6 of the Dungeon.
             The game lasted 00:01:16 (258 turns).

4thArraOfDagon the Digger (DgEE)                     Turns: 258, Time: 00:01:17

Health: -2/20      AC:  2    Str: 11    XL:     2   Next: 21%
Magic:  3/7        EV: 12    Int: 19    God:
Gold:   9          SH:  0    Dex: 16    Spells: 4/5 levels left

rFire    . . .     SeeInvis .   (no weapon)
rCold    + . .     Gourm    .   (no shield)
rNeg     . . .     Faith    .   c - +0 robe
rPois    .         Spirit   .   (no helmet)
rElec    .         Reflect  .   (no cloak)
rCorr    .         Harm     .   (no gloves)
MR       .....                  (no boots)
Stlth    ++........             (no amulet)
HPRegen  0.06/turn              f - ring of protection from cold
MPRegen  0.10/turn              (no ring)

@: no status effects
A: high mp 1
a: no special abilities


You were on level 6 of the Dungeon.
You were not hungry.

You visited 1 branch of the dungeon, and saw 5 of its levels.

You collected 9 gold pieces.

Inventory:

Missiles
 b - 43 stones (quivered)
Armour
 c - a +0 robe (worn)
Jewellery
 f - a ring of protection from cold (left hand)
Scrolls
 a - a scroll of random uselessness {unknown}
 h - a scroll of remove curse {unknown}
 i - a scroll of magic mapping {unknown}
Books
 e - a book of Geomancy

   Spells                             Type                      Level
   a - Sandblast                      Earth                        1
   b - Passwall                       Transmutation/Earth          2
   c - Stone Arrow                    Conjuration/Earth            3
   d - Petrify                        Transmutation/Earth          4
   e - Lee's Rapid Deconstruction     Earth                        5
Comestibles
 d - 2 bread rations
 g - 2 chunks of flesh


   Skills:
 - Level 1.7 Dodging
 - Level 1.7 Stealth
 + Level 2.1 Spellcasting
   Level 0.8 Transmutations
 * Level 3.1 Earth Magic


You had 4 spell levels left.
You knew the following spells:

 Your Spells              Type           Power        Failure   Level  Hunger
a - Sandblast             Erth           ##....       4%          1    #......


Dungeon Overview and Level Annotations

Branches:
Dungeon (6/15)
 Temple: D:4-7

Shops:
D:4 }


Innate Abilities, Weirdness & Mutations

You have an increased reservoir of magic. (+10% MP)


Message History

Aiming: Sandblast
Press: ? - help, Shift-Dir - straight line, f/p - sky beast
Aim: a sky beast (moderately wounded)
The blast of sand hits the sky beast.
The sky beast is severely wounded.
b - 44 stones The sky beast hits you.
The sky beast shocks you.
* * * LOW HITPOINT WARNING * * *
Casting: Sandblast
Confirm with . or Enter, or press ? or * to list all spells.
Aiming: Sandblast
Press: ? - help, Shift-Dir - straight line, f/p - sky beast
Aim: a sky beast (severely wounded)
The blast of sand hits the sky beast.
The sky beast is almost dead.
b - 43 stones The sky beast hits you.
* * * LOW HITPOINT WARNING * * *
The sky beast shocks you.
You die...

########+##
#.........#
#....Y....#
#.....@...+
#.........#
###########


You could see a sky beast.

Vanquished Creatures
  An adder (D:4)
  A leopard gecko (D:4)
  A ball python (D:4)
  A giant cockroach (D:1)
  A kobold (D:1)
5 creatures vanquished.

Notes
Turn   | Place    | Note
-------+----------+-------------------------------------------
     0 | D:1      | 4thArraOfDagon the Demigod Earth Elementalist began the quest for the Orb.
     0 | D:1      | Reached XP level 1. HP: 14/14 MP: 5/5
    98 | D:2      | You fall through a shaft for 2 floors!
   151 | D:4      | Reached skill level 3 in Earth Magic
   151 | D:4      | Reached XP level 2. HP: 14/20 MP: 4/7
   174 | D:4      | Found a basalt altar of Yredelemnul.
   217 | D:4      | Found Ewosobon's Gadget Emporium.
   235 | D:4      | Noticed a phantom
   247 | D:5      | Entered Level 5 of the Dungeon
   254 | D:6      | Noticed a sky beast
   258 | D:6      | Slain by a sky beast

Vault maps used:
D:1:      eino_arrival_water_star
D:2:      vehumet_crystals, lemuel_round_altar, uniq_natasha
D:4:      lemuel_doored_altar, first_bread, serial_shops, shop, serial_undead,
          serial_undead_f, serial_undead_f, serial_undead_a, serial_undead_d,
          serial_bayou_pond_d, cheibrodos_ashenzari_chains
D:5:      minmay_temple_entry_grid, basic_altar, led_sif_book
D:6:      overflow_temple_1_default

Skill      XL: |  1 |
---------------+----+-----
Spellcasting   | 2 |  2.1
Earth Magic    | 3 |  3.1
Dodging        | |  1.7
Stealth        | |  1.7
Transmutations | |  0.8

Action                   || total
-------------------------++-------
 Cast: Sandblast         ||    13
Dodge: Dodged            ||     2
